 Dungeon Crawl Stone Soup version 0.29-a0-1047-g7c58e119a4 (webtiles) character file.

Game seed: 652680078641676829

2 Zeldest the Chopper (level 1, 0/20 HPs)
             Began as a Hill Orc Monk on Aug 17, 2022.
             Slain by a jackal (3 damage)
             ... on level 1 of the Dungeon.
             The game lasted 00:00:07 (39 turns).

Zeldest the Chopper (Hill Orc Monk)                   Turns: 39, Time: 00:00:07

Health: 0/20       AC:  2    Str: 13    XL:     1   Next: 30%
Magic:  1/1        EV: 12    Int: 10    God:
Gold:   0          SH:  0    Dex: 13    Spells: 0/0 levels left

rFire   . . .      SeeInvis .   a - +0 hand axe
rCold   . . .      Faith    .   (no shield)
rNeg    . . .      Spirit   .   b - +0 robe
rPois   .          Reflect  .   (no helmet)
rElec   .          Harm     .   (no cloak)
rCorr   .          Rampage  .   (no gloves)
Will    .....                   (no boots)
Stlth   ++........              (no amulet)
HPRegen 0.06/turn               (no ring)
MPRegen 0.07/turn               (no ring)

@: no status effects
A: no striking features
a: no special abilities


You were on level 1 of the Dungeon.
You visited 1 branch of the dungeon, and saw 1 of its levels.

Inventory:

Hand Weapons
 a - a +0 hand axe (weapon)
Armour
 b - a +0 robe (worn)
Scrolls
 e - 3 scrolls of enchant weapon {unknown}
Potions
 c - a potion of ambrosia
 d - a potion of curing {unknown}


   Skills:
 + Level 3.6 Fighting
 * Level 4.1 Axes
 + Level 0.1 Armour
 - Level 2.4 Dodging
 - Level 1.5 Stealth


You couldn't memorise any spells.
You didn't know any spells.
Your spell library contained the following spells:

 Spells                   Type           Power      Damage    Failure   Level
 Animate Dead             Necr           0%         N/A       98%         4
 Haunt                    Necr/Summ      0%         N/A       100%        7
 Infestation              Necr           0%         N/A       100%        8


Dungeon Overview and Level Annotations

Branches:
Dungeon (1/15)

Altars:


Message History

There are monsters nearby!
You closely miss the jackal. The jackal barely misses you.
A jackal comes into view.
The jackal closely misses you. The jackal barely misses you.
There are monsters nearby!
You hit the jackal but do no damage.
The jackal is moderately wounded.
You hit the jackal but do no damage. The jackal bites you. x2
There are monsters nearby!
You are too injured to fight recklessly!
There are monsters nearby!
You are too injured to fight recklessly!
There are monsters nearby!
You are too injured to fight recklessly!
You are too injured to fight recklessly!
You hit the jackal.
The jackal is heavily wounded.
You miss the jackal. The jackal barely misses you.
The jackal bites you but does no damage. x2
The jackal misses you.
You hit the jackal.
You kill the jackal!
You hit the jackal but do no damage. The jackal barely misses you.
The jackal misses you.
You hit the jackal.
The jackal is moderately wounded.
You closely miss the jackal. The jackal barely misses you.
A jackal comes into view.
The jackal misses you. The jackal bites you.
* * * LOW HITPOINT WARNING * * *
The jackal barks!
You hit the jackal but do no damage. You hit the jackal.
The jackal completely misses you. The jackal misses you.
The jackal barely misses you.
You hit the jackal.
The jackal is severely wounded.
You hit the jackal. The jackal bites you.
* * * LOW HITPOINT WARNING * * *
The jackal bites you.
You die...

##.....#.# #......#.#
#......#.# #....# #.#
#...##.#.# #..... #.#
####..#####.#####..
#hh@.......<.......
#....h#..#####.#####..
...##.##.....⌠#.# # #.
#...##.#.# #
#....#.#.# #......#.#
#......#.# ..
##.....#.#....
#.#...........


You could see 3 jackals.

Vanquished Creatures
  A jackal (D:1)
  A ball python (D:1)
2 creatures vanquished.

Notes
Turn   | Place    | Note
-------+----------+-------------------------------------------
     0 | D:1      | Zeldest the Hill Orc Monk began the quest for the Orb.
     0 | D:1      | Reached XP level 1. HP: 19/19 MP: 1/1
    39 | D:1      | Slain by a jackal

Illustrated notes

Levels and vault maps discovered:
D:1:      matt_arrival_grand_opening, layout_loops_ring,
          chequers_ecumenical_altar_lobes, st_stairs_1,
          chequers_serial_rivers_micro_c, hangedman_decor_opposing

Action                   || total
-------------------------++-------
Melee: Hand axe          ||    12
 Stab: Sleeping          ||     1
Armor: Robe              ||     3
Dodge: Dodged            ||    15

Table legend: (Time is in decaauts)
 A = Elapsed time spent in this place.
 B = Non-inter-level travel time spent in this place.
 C = Inter-level travel time spent in this place.
 D = Time resting spent in this place.
 E = Time spent auto-exploring this place.
 F = Levels seen in this place.
 G = Mean time per level.
                   A        B        C        D        E       F      G
               +--------+--------+--------+--------+--------+-----+--------+
         Total |     40 |     40 |      0 |      0 |     17 |   1 |   40.0 |
       Dungeon |     40 |     40 |      0 |      0 |     17 |   1 |   40.0 |
               +--------+--------+--------+--------+--------+-----+--------+

Top non-repeatable levels by time:
     D:1: 40 daAuts
